 Dungeon Crawl Stone Soup version 0.16.2-12-gd0ad4c3 (webtiles) character file.

1232 xXeoNyS the Shield-Bearer (level 8, -8/70 HPs)
             Began as a Hill Orc Fighter on Oct 22, 2015.
             Was a Believer of Okawaru.
             Killed by divine providence
             ... invoked by an orc priest
              (16 damage)
             ... on level 6 of the Dungeon on Nov 1, 2015.
             The game lasted 00:38:13 (7085 turns).

xXeoNyS the Shield-Bearer (Hill Orc Fighter)        Turns: 7085, Time: 00:38:14

Health: -8/70      AC: 16    Str: 20    XL:     8   Next: 48%
Magic:  8/8        EV:  5    Int: 11    God:    Okawaru [**....]
Gold:   146        SH: 10    Dex: 11    Spells: 0 memorised, 7 levels left

rFire  . . .     SeeInvis .     L - +1 long sword (holy)
rCold  . . .     Clarity  .     x - +3 plate armour {MR+}
rNeg   . . .     SustAb   .     k - +0 shield
rPois  .         Gourm    .     (no helmet)
rElec  .         Spirit   .     (no cloak)
rCorr  .         Warding  .     E - +0 pair of gloves
rMut   +         Stasis   .     (no boots)
MR     +....                    w - amulet of resist mutation
Stlth  ..........               (no ring)
                                t - +3 ring of intelligence

@: drained, somewhat resistant to hostile enchantments, extremely unstealthy
A: no striking features
a: Heroism, Renounce Religion, Convert to Beogh


You were on level 6 of the Dungeon.
You worshipped Okawaru.
Okawaru was pleased with you.
You were not hungry.

You visited 1 branch of the dungeon, and saw 6 of its levels.

You collected 332 gold pieces.
You spent 186 gold pieces at shops.

Inventory:

Hand weapons
 a - a +0 long sword
 m - a +0 flail
 n - a +0 halberd
 o - a +0 scythe
 p - a +0 mace of protection
 q - a +0 falchion
 r - a +0 hand axe
 s - a +0 spear
 L - a +1 long sword of holy wrath (weapon)
 P - a +0 flail of draining
Armour
 b - a +0 scale mail
 c - a +0 shield
 e - a +0 scale mail
 h - a +0 chain mail
 i - a +0 ring mail
 k - a +0 shield (worn)
 x - a +3 plate armour of magic resistance (worn)
 E - a +0 pair of gloves (worn)
 F - a +0 leather armour
 G - a +0 ring mail
 I - a +0 plate armour
 Q - a +0 ring mail
Jewellery
 t - a +3 ring of intelligence (left hand)
 w - an amulet of resist mutation (around neck)
 N - an uncursed amulet of regeneration {unknown}
Magical devices
 g - a wand of slowing (3)
 u - a wand of slowing (16)
 A - a wand of enslavement (0)
Scrolls
 d - 3 scrolls of remove curse {unknown}
 f - 2 scrolls of teleportation
 j - 2 scrolls of enchant weapon {unknown}
 l - 3 scrolls of random uselessness
 y - 2 scrolls of magic mapping {unknown}
 B - 2 scrolls of amnesia
 C - 2 scrolls of enchant armour {unknown}
 D - a scroll of immolation {unknown}
 J - 2 scrolls of identify {unknown}
 M - a scroll of blinking {unknown}
Potions
 H - 2 potions of poison
 K - a potion of heal wounds
Comestibles
 v - a fruit
 z - 2 meat rations
 O - a bread ration


   Skills:
 + Level 6.1(5.6) Fighting
 + Level 5.4(4.9) Long Blades
 + Level 5.9(5.4) Armour
 + Level 2.4(1.9) Dodging
 - Level 0.1(0.0) Stealth
 + Level 6.8(6.2) Shields


You had 7 spell levels left.
You didn't know any spells.

Dungeon Overview and Level Annotations

Branches:
Dungeon (6/15)
 Temple: D:4-7

Altars:
Cheibriados
Kikubaaqudgha
Okawaru
Qazlal

Shops:
D:5 (


Message History

Things that are here:
a dagger; a robe; an orc corpse
There is an open door here.
The orc priest mumbles some strange prayers to Beogh against you.
Pain shoots through your body!
The orc priest calls down the wrath of Beogh upon you.
Something smites you!
* * * LOW HITPOINT WARNING * * *
There is an open door here.
Things that are here:
a leather armour; an orc corpse The orc priest invokes the aid of Beogh against you.
Something smites you!
* * * LOW HITPOINT WARNING * * *
There is an open door here.
Things that are here:
a leather armour; an orc corpse The orc priest invokes the aid of Beogh against you.
Something smites you!
You die...

.......).......#..#
...............#..#
...............#..###
.#+##..........'...'
.#..+..........#...#
.#..#..........#...#
.+..###'#......#...# #+##
.##'##..'......#...###..####
.#..##..#......[@o..'.)))).#
.#...'..#......#....#......'...#
.+..##'##......##'####+##..#..##
.#+###..#........... .######
.#..##..#............ ..
.+......#................
.#......+................
.#..#####............ ...
##..######## '###'# .


You could see an orc priest.

Vanquished Creatures
  An ice beast (D:5)
  2 sky beasts
  An ogre (D:5)
  Sigmund (D:3)
  Duvessa (D:4)
  A big kobold (D:4)
  A wyvern skeleton (D:6)
  Dowan (D:4)
  2 orc priests
  A centaur skeleton (D:5)
  4 orc wizards
  3 worker ants (D:4)
  Terence (D:3)
  8 adders
  9 gnolls
  A shadow imp (D:4)
  2 worms
  2 adder zombies
  27 orcs
  2 ball pythons
  13 bats
  5 giant cockroaches
  5 goblins
  13 hobgoblins
  7 jackals
  10 kobolds
  2 quokkas
  2 giant geckos (D:5)
  4 giant newts
  A quokka skeleton (D:5)
  12 rats
145 creatures vanquished.

Notes
Turn   | Place    | Note
--------------------------------------------------------------
     0 | D:1      | xXeoNyS, the Hill Orc Fighter, began the quest for the Orb.
     0 | D:1      | Reached XP level 1. HP: 19/19 MP: 1/1
   450 | D:1      | Reached XP level 2. HP: 27/27 MP: 2/2
  1481 | D:2      | Reached XP level 3. HP: 24/33 MP: 3/3
  1614 | D:2      | Reached skill level 1 in Dodging
  1618 | D:2      | Reached XP level 4. HP: 9/40 MP: 4/4
  1793 | D:2      | Reached skill level 4 in Fighting
  2356 | D:2      | Found an iron altar of Okawaru.
  2396 | D:2      | Became a worshipper of Warmaster Okawaru
  2500 | D:3      | Found a snail-covered altar of Cheibriados.
  2536 | D:3      | Reached XP level 5. HP: 36/46 MP: 5/5
  2636 | D:3      | Found a stormy altar of Qazlal.
  2637 | D:3      | Noticed Sigmund
  2672 | D:3      | Killed Sigmund
  2918 | D:3      | Noticed Terence
  2973 | D:3      | Killed Terence
  3348 | D:3      | Reached XP level 6. HP: 49/53 MP: 6/6
  3880 | D:4      | Acquired Okawaru's first power
  3940 | D:4      | Reached skill level 5 in Armour
  3940 | D:4      | Reached skill level 5 in Shields
  4264 | D:4      | Noticed Dowan
  4268 | D:4      | Noticed Duvessa
  4308 | D:4      | Killed Duvessa
  4308 | D:4      | Reached XP level 7. HP: 30/60 MP: 7/7
  4378 | D:4      | Found an ancient bone altar of Kikubaaqudgha.
  4403 | D:4      | Reached skill level 5 in Fighting
  4442 | D:4      | Killed Dowan
  5023 | D:5      | Entered Level 5 of the Dungeon
  5026 | D:5      | Found Nileisib's Weapon Boutique.
  5215 | D:5      | Reached skill level 6 in Shields
  5239 | D:5      | Bought a +1 long sword of holy wrath for 186 gold pieces
  5298 | D:5      | Reached XP level 8. HP: 23/69 MP: 8/8
  5871 | D:5      | Reached skill level 5 in Long Blades
  6662 | D:6      | Found an ancient bone altar of Kikubaaqudgha.
  7085 | D:6      | Killed from afar by an orc priest

Action                   |  1- 3 |  4- 6 |  7- 9 || total
-------------------------+-------+-------+-------++-------
Melee: Long sword        |   105 |   323 |   281 ||   709
Invok: Heroism           |       |     1 |     1 ||     2
  Use: Potion            |     5 |     4 |     5 ||    14
       Scroll            |       |     3 |       ||     3
  Eat: Meat ration       |     1 |     1 |       ||     2
       Fruit             |       |     2 |     2 ||     4
       Chunk             |       |     1 |       ||     1
       Bread ration      |       |       |     2 ||     2
